 Dungeon Crawl Stone Soup version 0.27.1-4-g1640c2035a (webtiles) character file.

Game seed: 9662972421025260492

51 tizbic2 the Skirmisher (level 3, -3/29 HPs)
             Began as a Demonspawn Chaos Knight on Nov 14, 2021.
             Was a Plaything of Xom.
             Slain by Sigmund (4 damage)
             ... on level 3 of the Dungeon.
             The game lasted 00:07:55 (741 turns).

tizbic2 the Skirmisher (Demonspawn Chaos Knight)     Turns: 741, Time: 00:07:56

Health: -3/29      AC:  6    Str: 12    XL:     3   Next: 58%
Magic:  3/3        EV: 11    Int: 15    God:    Xom [.....*]
Gold:   43         SH:  0    Dex: 13    Spells: 1/2 levels left

rFire    . . .     SeeInvis .   a - +0 spear (chaos)
rCold    . . .     Faith    .   (no shield)
rNeg     . . .     Spirit   .   b - +2 leather armour
rPois    .         Reflect  .   (no helmet)
rElec    .         Harm     .   (no cloak)
rCorr    .         Rampage  .   d - +0 pair of gloves
Will     .....                  (no boots)
Stlth    +.........             (no amulet)
HPRegen  0.09/turn              (no ring)
MPRegen  0.08/turn              (no ring)

@: flying
A: hooves 1, big brain 1
a: Renounce Religion


You were on level 3 of the Dungeon.
You worshipped Xom.
You were Xom's teddy bear.
You visited 1 branch of the dungeon, and saw 3 of its levels.

You collected 43 gold pieces.

Inventory:

Hand Weapons
 a - a +0 spear of chaos (weapon)
Armour
 b - a +2 leather armour (worn)
 d - a +0 pair of gloves (worn)


   Skills:
 + Level 3.3 Fighting
 * Level 3.2 Polearms
 + Level 2.2 Armour
 * Level 1.5 Dodging
 + Level 0.5 Transmutations


You had one spell level left.
You knew the following spells:

 Your Spells              Type           Power      Damage    Failure   Level
a - Beastly Appendage     Tmut           2%         N/A       26%         1

Your spell library contained the following spells:

 Spells                   Type           Power      Damage    Failure   Level
 Wereblood                Tmut           1%         N/A       38%         2
 Spider Form              Tmut/Pois      0%         N/A       67%         3


Dungeon Overview and Level Annotations

Branches:
Dungeon (3/15)

Altars:

Annotations:
D:3 Sigmund


Innate Abilities, Weirdness & Mutations

You have large cloven feet.
You have an unusually large brain. (Int +2)


Message History

The jackal bites you but does no damage.
The hobgoblin barely misses you. The endoplasm freezes you.
You are frozen.
The jackal bites you but does no damage.
It was a potion of flight.
You feel very buoyant.
You fly up into the air.
The hobgoblin misses you.
The jackal bites you but does no damage.
The endoplasm hits you but does no damage.
You hit the jackal but do no damage. Your kick misses the jackal.
The hobgoblin hits you but does no damage.
The jackal bites you.
* * * LOW HITPOINT WARNING * * *
The hobgoblin barely misses you. The endoplasm completely misses you.
You hit the jackal.
You kill the jackal!
The hobgoblin misses you. Something hits you but does no damage.
The endoplasm hits you but does no damage.
The jackal barely misses you.
You hit the jackal.
The jackal is lightly wounded.
The hobgoblin barely misses you. x2
The jackal bites you but does no damage.
The endoplasm freezes you.
You are frozen.
* * * LOW HITPOINT WARNING * * *
You aren't carrying any scrolls.
You barely miss the jackal.
The jackal is lightly wounded.
Something hits you but does no damage. The jackal bites you.
* * * LOW HITPOINT WARNING * * *
The hobgoblin closely misses you.
You hit the jackal but do no damage. Your kick misses the jackal.
The jackal is lightly wounded.
The hobgoblin hits you.
* * * LOW HITPOINT WARNING * * *
The endoplasm hits you but does no damage.
The jackal barely misses you. Something hits you.
You die...

........# ##
#@.#.......
#....... .## .
......##..##..# .
#.............
#.#.........(...
##.........#....#
.........##Jr..#
..#.#....h@gh.#
.. #.#..###(## #
.....## #
..#...## ....##
.##


You could see an endoplasm, 2 jackals, a hobgoblin (fast) and a rat.

Vanquished Creatures
  3 adders
  A dart slug (D:1)
  2 ball pythons (D:1)
  A bat (D:1)
  An endoplasm (D:2)
  A goblin (D:1)
  3 hobgoblins
  2 jackals (D:3)
  3 kobolds
  3 quokkas (D:2)
  A rat (D:2)
21 creatures vanquished.

Notes
Turn   | Place    | Note
-------+----------+-------------------------------------------
     0 | D:1      | tizbic2 the Demonspawn Chaos Knight began the quest for the
                  | Orb.
     0 | D:1      | Reached XP level 1. HP: 18/18 MP: 1/1
   249 | D:1      | Reached skill level 1 in Dodging
   262 | D:1      | Gained mutation: You have an unusually large brain. (Int
                  | +2) [demonic ancestry]
   262 | D:1      | Reached XP level 2. HP: 22/24 MP: 2/2
   384 | D:1      | Learned a level 1 spell: Beastly Appendage
   571 | D:2      | XOM: potion effect (brilliance)
   593 | D:2      | XOM: noise
   606 | D:2      | Lost mutation: You have razor-sharp toenails. [demonic
                  | ancestry]
   606 | D:2      | Lost mutation: You have sharp toenails. [demonic ancestry]
   606 | D:2      | Gained mutation: You have large cloven feet. [demonic
                  | ancestry]
   606 | D:2      | Reached XP level 3. HP: 28/29 MP: 0/3
   715 | D:3      | XOM: noise
   717 | D:3      | Noticed Sigmund
   733 | D:3      | XOM: snakes to sticks
   741 | D:3      | HP: 1/29 [hobgoblin (1)]
   741 | D:3      | Slain by Sigmund

Illustrated notes

Levels and vault maps discovered:
D:1:      psy_arrival_dodecagon, layout_loops_ring
D:2:      layout_basic, hellmonk_ecumenical_altar_inner_sanctum,
          amcnicky_mini_rare_corridor_liquid, minmay_pentomino_v2, uniq_terence,
          uniq_robin
D:3:      layout_rooms, uniq_sigmund

Skill      XL: |  1  2 |
---------------+-------+-----
Dodging        | 1 |  1.5
Polearms       | 3 |  3.2
Armour         | 2 |  2.2
Fighting       | |  3.3
Transmutations | |  0.5

Action                   || total
-------------------------++-------
Melee: Spear             ||    88
       Kick              ||     9
       Headbutt          ||     2
 Cast: Beastly Appendage ||     7
  Use: Potion            ||     2
       Scroll            ||     1
 Stab: Confused          ||     1
Armor: Leather armour    ||    43
Dodge: Dodged            ||    71
